 Dungeon Crawl Stone Soup version 0.31-a0-986-g5e6e4ef867 (webtiles) character file.

Game seed: 437222629977498299

2220 themarg the Cleaver (level 9, -8/68 HPs)
             Began as a Demonspawn Wanderer on Nov 15, 2023.
             Was an Initiate of Gozag.
             Killed from afar by a steam dragon (14 damage)
             ... with a ball of steam
             ... on level 7 of the Dungeon.
             The game lasted 00:17:32 (7967 turns).

themarg the Cleaver (Demonspawn Wanderer)           Turns: 7967, Time: 00:17:32

Health: -8/68      AC: 14    Str: 21    XL:     9   Next: 13%
Magic:  10/10      EV:  8    Int: 13    God:    Gozag
Gold:   640        SH:  0    Dex:  9    Spells: 10/10 levels left

rFire   . . .        a - +2 hand axe
rCold   . . .        (no shield)
rNeg    . . .        m - +0 chain mail
rPois   .            u - +2 hat
rElec   .            (cloak unavailable)
rCorr   .            h - +0 pair of gloves {Stlth+}
SInv    .            (no boots)
Will    .....        l - amulet of magic regeneration Stlth
                     (no ring)
HPRegen 0.31/turn    (no ring)
MPRegen 0.52/turn

%: no passive effects
@: about to teleport
A: slimy green scales 2, weakness stinger 3
a: Renounce Religion, Potion Petition, Call Merchant, Bribe Branch


You were on level 7 of the Dungeon.
You worshipped Gozag.
Gozag was pleased with you.
You visited 2 branches of the dungeon, and saw 8 of its levels.

You collected 704 gold pieces.
You paid 64 gold pieces to Gozag.

Inventory:

Hand Weapons
 a - a +2 hand axe (weapon)
 r - a +0 war axe
Missiles
 c - 6 boomerangs
 f - 25 stones
 k - 11 poisoned darts
Armour
 d - a +0 leather armour
 h - a +0 pair of gloves of stealth (worn)
 m - a +0 chain mail (worn)
 u - a +2 hat (worn)
Jewellery
 l - an amulet of magic regeneration (around neck)
Wands
 b - a wand of flame (2) (quivered)
 z - a wand of paralysis (13)
Scrolls
 g - a scroll of identify
 o - a scroll of revelation
 p - 4 scrolls of teleportation
 s - a scroll of poison {unknown}
 t - a scroll of immolation {unknown}
 w - a scroll of silence {unknown}
 x - 3 scrolls of blinking {unknown}
 y - a scroll of amnesia {unknown}
Potions
 e - 4 potions of curing
 i - a potion of lignification {unknown}
 j - a potion of cancellation {unknown}
 n - a potion of invisibility {unknown}
 q - 3 potions of attraction
 v - a potion of degeneration {unknown}


   Skills:
 + Level 5.4 Fighting
 + Level 9.7 Axes
 - Level 1.0 Armour
 + Level 2.0 Dodging
 - Level 2.3 Stealth
 - Level 1.0 Spellcasting
 - Level 0.8 Conjurations
 - Level 1.0 Air Magic
 - Level 2.0 Evocations


You had 10 spell levels left.
You didn't know any spells.
Your spell library contained the following spells:

 Spells                   Type           Power      Damage    Failure   Level
 Freeze                   Ice            0%         1d3       91%         1
 Sandblast                Erth           0%         2d4       91%         1
 Slow                     Hex            0%         N/A       91%         1
 Static Discharge         Conj/Air       6%         3-4/arc   92%         2
 Cigotuvi's Dreadful Rot  Necr/Pois/Air  2%         N/A       96%         2
 Passwall                 Tmut/Erth      0%         N/A       97%         2
 Hailstorm                Conj/Ice       1%         3d3       99%         3
 Stone Arrow              Conj/Erth      2%         3d7       99%         3
 Confusing Touch          Hex            0%         N/A       100%        3
 Frozen Ramparts          Ice            0%         1d1       100%        3
 Sigil of Binding         Hex            0%         N/A       100%        3
 Summon Guardian Golem    Hex/Summ       0%         N/A       100%        3
 Vampiric Draining        Necr           0%         2d6       100%        3
 Brom's Barrelling Bould  Conj/Erth      1%         2d3       100%        4
 Fireball                 Conj/Fire      0%         3d3       100%        5
 Iskenderun's Battlesphe  Conj           2%         2d6       100%        5
 Conjure Ball Lightning   Conj/Air       1%         3x3d6     100%        6
 Orb of Destruction       Conj           1%         9d5       100%        7
 Spellforged Servitor     Conj/Summ      0%         N/A       100%        7


Dungeon Overview and Level Annotations

Branches:
Dungeon (7/15)             Temple (1/1) D:5

Altars:
Cheibriados
Dithmenos
Fedhas
Gozag
Kikubaaqudgha
Makhleb
Nemelex Xobeh
Okawaru
Qazlal
Ru
Sif Muna
Trog
Uskayaw
Vehumet
Wu Jian
Xom
Yredelemnul

Annotations:
D:3 2 transporters, croobank's ghost, amateur OpFE
D:5 1 runed translucent door, Crazy Yiuf
D:6 2 transporters
D:7 1 transporter


Innate Abilities, Weirdness & Mutations

You are mostly covered in slimy green scales. (AC +3)
You have a sharp stinger which inflicts weakening toxins.


Message History

You see here a +0 orcbow.
There is a stone staircase leading up here.
There is a stone staircase leading down here.
x - 3 scrolls labelled YBEINIQAKOI (gained 1)
A steam dragon comes into view.
Found a scroll of teleportation.
The steam dragon breathes steam at you. The ball of steam hits you!
You are engulfed in a cloud of scalding steam.
You are engulfed in a cloud of scalding steam.
You hit the steam dragon.
The steam dragon is lightly wounded.
The steam dragon breathes steam at you. The ball of steam hits you!
The steam dragon breathes steam at you. The ball of steam hits you!
The steam dragon bites you.
* * * LOW HITPOINT WARNING * * *
The steam dragon claws you but does no damage.
You hit the steam dragon.
The steam dragon is lightly wounded.
You feel better.
The steam dragon bites you but does no damage.
The steam dragon claws you but does no damage.
You barely miss the steam dragon.
The steam dragon is lightly wounded.
The steam dragon breathes steam at you. The ball of steam hits you!
* * * LOW HITPOINT WARNING * * *
The steam dragon bites you.
* * * LOW HITPOINT WARNING * * *
The steam dragon barely misses you.
As you read the scroll of teleportation, it crumbles to dust.
You feel strangely unstable. The steam dragon bites you.
* * * LOW HITPOINT WARNING * * *
The steam dragon barely misses you. The steam dragon breathes steam at you.
The ball of steam hits you!
You die...
Your body crumbles into a pile of gold.

#....©.....#.....#
#.#######..#.....#
#.#8.©.8#..#.....#
#.#P.$.P#..#...###
#.###+###..#...#
#.#~...S#..#...#
#.#~...~#..#...#
#...# #@D§# #§§.#
##§## #§# ...
....# ?$...#
......# ..$##+##


You could see a steam dragon (catching breath).

Vanquished Creatures
  Grinder (D:4)
  2 black bears (D:6)
  2 ogres (D:5)
  2 centaurs
  2 phantoms
  Blork the orc (D:4)
  3 bullfrogs
  A scorpion (D:5)
  5 killer bees (D:6)
  2 jellies (D:7)
  8 hounds
  2 orc priests
  7 iguanas
  3 orc wizards
  4 gnolls (D:4)
  5 adders
  A shadow imp (D:5)
  2 white imps
  4 ufetubi (D:6)
  2 dart slugs
  17 orcs
  14 endoplasms
  3 giant cockroaches
  6 goblins
  9 hobgoblins
  6 jackals
  2 quokkas (D:2)
  8 ball pythons
  7 bats
  2 frilled lizards (D:3)
  9 rats
142 creatures vanquished.

Notes
Turn   | Place    | Note
-------+----------+-------------------------------------------
     0 | D:1      | themarg the Demonspawn Wanderer began the quest for the
                  | Orb.
     0 | D:1      | themarg set off with the following items: a +2 hand axe, a
                  | wand of flame (4), a scroll of fear, a +0 leather armour;
                  | and the following spells available to memorise: Static
                  | Discharge, Cigotuvi's Dreadful Rot.
     0 | D:1      | Reached XP level 1. HP: 16/16 MP: 2/2
   344 | D:1      | Gained mutation: You have a small tail. [demonic ancestry]
   344 | D:1      | Reached XP level 2. HP: 22/22 MP: 3/3
   410 | D:1      | Reached skill level 1 in Stealth
   969 | D:2      | Gained mutation: You are partially covered in slimy green
                  | scales. (AC +2) [demonic ancestry]
   969 | D:2      | Reached XP level 3. HP: 27/28 MP: 4/4
  1689 | D:2      | Reached XP level 4. HP: 32/35 MP: 5/5
  2146 | D:3      | Noticed croobank's ghost (amateur OpFE)
  2226 | D:3      | Reached skill level 2 in Axes
  2306 | D:3      | Found a transporter.
  2308 | D:3      | Found a transporter.
  2796 | D:3      | Found a snail-covered altar of Cheibriados.
  3009 | D:3      | Reached XP level 5. HP: 42/42 MP: 6/6
  3114 | D:4      | Reached skill level 3 in Axes
  3454 | D:4      | Noticed Grinder
  3470 | D:4      | Paralysed by Grinder for 2 turns
  3478 | D:4      | Killed Grinder
  3479 | D:4      | Reached skill level 5 in Fighting
  3479 | D:4      | Reached skill level 4 in Axes
  3479 | D:4      | Reached XP level 6. HP: 46/51 MP: 7/7
  3561 | D:4      | Noticed Blork the orc
  3570 | D:4      | Killed Blork the orc
  3622 | D:4      | Gained mutation: You have a tail ending in a sharp stinger.
                  | [demonic ancestry]
  3622 | D:4      | Reached XP level 7. HP: 9/56 MP: 8/8
  3622 | D:4      | HP: 2/56 [hobgoblin/+0 flail (7)]
  3872 | D:4      | Reached skill level 5 in Axes
  4494 | D:5      | Entered Level 5 of the Dungeon
  4595 | D:5      | Found a shimmering blue altar of Sif Muna.
  4658 | D:5      | Reached skill level 6 in Axes
  4760 | D:5      | Found a staircase to the Ecumenical Temple.
  4767 | Temple   | Entered the Ecumenical Temple
  4776 | Temple   | Became a worshipper of Gozag Ym Sagoz the Greedy
  5156 | D:5      | Found a runed translucent door.
  5157 | D:5      | Noticed Crazy Yiuf
  5479 | D:5      | Reached skill level 7 in Axes
  5672 | D:5      | Gained mutation: You have a sharp stinger which inflicts
                  | weakening toxins. [demonic ancestry]
  5672 | D:5      | Reached XP level 8. HP: 59/62 MP: 9/9
  6132 | D:6      | Found a transporter.
  6138 | D:6      | Identified the +6 trident "Erucuxku" {vamp, rElec Int+2
                  | Dex-3}
  6217 | D:6      | Found a transporter.
  6240 | D:6      | Reached skill level 8 in Axes
  6624 | D:6      | Reached skill level 9 in Axes
  6825 | D:6      | Found a shadowy altar of Dithmenos.
  7071 | D:6      | Found a hide-covered altar of Uskayaw.
  7071 | D:6      | Found a burning altar of Makhleb.
  7664 | D:7      | Found a transporter.
  7682 | D:7      | Gained mutation: You are mostly covered in slimy green
                  | scales. (AC +3) [demonic ancestry]
  7682 | D:7      | Reached XP level 9. HP: 42/68 MP: 10/10
  7833 | D:7      | Found a radiant altar of Vehumet.
  7967 | D:7      | Killed from afar by a steam dragon

Illustrated notes

Levels and vault maps discovered:
D:1:      lightli_arrival_statue_moat, layout_loops_corners, minmay_tripent
D:2:      layout_basic
D:3:      layout_loops_corners, mainiacjoe_overflow_24_doors,
          gammafunk_ghost_arena
D:4:      layout_rooms, small_statue_alley_b, uniq_grinder, uniq_blork_the_orc
D:5:      layout_cave_pods, old_standard_altar, temple_green,
          uniq_crazy_yiuf_cottage
D:6:      layout_loops_ring, marbit_many_paths, nicolae_overflow_two_pavilions,
          gammafunk_ghost_gnarly_gnolls
D:7:      gammafunk_steamed_eel, layout_basic,
          mainiacjoe_overflow_small_starburst
Temple:   minmay_temple_curvy_branch

Skill      XL: |  1  2  3  4  5  6  7  8  9 |
---------------+----------------------------+-----
Stealth        | 1 2 |  2.3
Fighting       | 3 5 |  5.4
Axes           | 2 4 7 9 |  9.7
Dodging        | 2 |  2.0
Armour         | |  1.0
Spellcasting   | |  1.0
Conjurations   | |  0.8
Air Magic      | |  1.0
Evocations     | |  2.0

Action                     |  1- 3 |  4- 6 |  7- 9 || total
---------------------------+-------+-------+-------++-------
  Melee: Hand axe          |   108 |   152 |   343 ||   603
         Tailslap          |     8 |    19 |    34 ||    61
         Punch             |       |       |     3 ||     3
  Evoke: Wand              |       |     2 |       ||     2
    Use: Scroll            |       |       |    10 ||    10
         Potion            |       |       |     6 ||     6
   Stab: Sleeping          |     2 |       |       ||     2
         Distracted        |       |       |     3 ||     3
 Armour: Leather armour    |    57 |     4 |       ||    61
         Chain mail        |       |   123 |   383 ||   506
  Dodge: Dodged            |    75 |    52 |   167 ||   294

Table legend: (Time is in decaauts)
 A = Elapsed time spent in this place.
 B = Non-inter-level travel time spent in this place.
 C = Inter-level travel time spent in this place.
 D = Time resting spent in this place.
 E = Time spent auto-exploring this place.
 F = Levels seen in this place.
 G = Mean time per level.
                   A        B        C        D        E       F      G
               +--------+--------+--------+--------+--------+-----+--------+
         Total |   7986 |   7714 |    272 |    415 |   5925 |   8 |  998.2 |
       Dungeon |   7968 |   7696 |    272 |    415 |   5925 |   7 | 1138.3 |
        Temple |     17 |     17 |      0 |      0 |      0 |   1 |   17.0 |
               +--------+--------+--------+--------+--------+-----+--------+

Top non-repeatable levels by time:
     D:5: 1611 daAuts
     D:4: 1389 daAuts
     D:6: 1157 daAuts
     D:2: 1140 daAuts
     D:3: 1064 daAuts
     D:1: 951 daAuts
     D:7: 655 daAuts
  Temple: 17 daAuts
